AoeStats
← Idle

African Clearing

510303749Analyzed
4v4 RM · 1d ago on Sep 30, 2026· 32m 11s· 8 players
Game mode
Random Map
Map size
Large (8 player)
Population
200
Speed
Normal
Resources
Standard
Victory
Conquest
Starting age
Dark Age
Ending age
Imperial Age
RankedLock teamsTeams togetherTeam positionsShared explorationLock speedFull tech treeHidden civsTurbo modeCheats
Victory
Defeat
🇭🇰 Bohemians · Hong Kong SAR China
1233
+15
🇨🇳 Vietnamese · China
1222
+15
🇨🇳 Saxons · China
1162
+18
🇯🇵 Britons · Japan
1148
+18
🇩🇪 Goths · Germany
1249
-19
🇲🇽 Vietnamese · Mexico
1217
-17
🇩🇪 Malians · Germany
1188
-16
🇧🇪 Georgians · Belgium
1142
-14
YYS
4:24 Loom
15:38 Feudal Age
20:08 Castle Age
18:03 Double-Bit Axe
23:30 Bow Saw
24:09 Horse Collar
25:19 Fervor
29:06 Wheelbarrow
你好骚啊
5:50 Loom
13:12 Feudal Age
17:07 Castle Age
15:24 Double-Bit Axe
20:07 Bow Saw
20:30 Fletching
28:42 Horse Collar
30:00 Bodkin Arrow
31:41 Padded Archer Armor
32:39 Ballistics
32:55 Wheelbarrow
sada-aki
7:32 Loom
13:42 Feudal Age
14:17 Double-Bit Axe
24:33 Castle Age
25:36 Bow Saw
28:18 Treadmill Crane
31:26 Crossbowman
34:38 Imperial Age
32:37 Ballistics
哈基索米
10:42 Loom
14:22 Feudal Age
14:33 Loom
15:41 Double-Bit Axe
18:24 Castle Age
18:49 Town Watch
19:04 Fletching
20:15 Bow Saw
19:40 Crossbowman
20:55 Horse Collar
24:10 Wheelbarrow
27:56 Hand Cart
27:43 Heavy Plow
28:35 Bodkin Arrow
29:42 Padded Archer Armor
brydvo
10:23 Loom
15:49 Feudal Age
21:00 Castle Age
20:13 Fletching
21:40 Bodkin Arrow
21:47 Double-Bit Axe
23:22 Bow Saw
25:47 Padded Archer Armor
26:26 Ballistics
29:21 Leather Archer Armor
29:24 Fishing Lines
31:19 Bloodlines
31:09 Husbandry
Kirara
4:37 Loom
15:15 Feudal Age
16:30 Double-Bit Axe
18:10 Wheelbarrow
21:51 Castle Age
21:22 Gold Mining
25:53 Stone Mining
26:16 Bow Saw
29:05 Stone Shaft Mining
30:01 Horse Collar
31:10 Hand Cart
31:33 Heavy Plow
Idle
12:20 Feudal Age
12:55 Double-Bit Axe
13:56 Loom
14:16 Town Watch
15:51 Forging
15:51 Scale Barding Armor
16:44 Fletching
17:46 Wheelbarrow
17:08 Horse Collar
22:57 Castle Age
21:54 Gold Mining
21:56 Stone Mining
24:44 Hand Cart
25:11 Bow Saw
b² - 4ac
4:56 Loom
14:49 Feudal Age
18:45 Castle Age
27:08 Fletching
27:51 Bodkin Arrow
30:49 Double-Bit Axe
Connection lost

Rejoining the realm…

Still unreachable

The connection could not be restored.

Session expired

The server has moved on; the page needs a fresh start.